 Dungeon Crawl Stone Soup version 0.31.0-12-g77e489cdc1 (webtiles) character file.

Game seed: 11541355668140249540

71 H0rd4k the Charlatan (level 4, -3/29 HPs)
             Began as an Octopode Artificer on Feb 27, 2024.
             Slain by a gnoll
             ... wielding a +0 flail
              (7 damage)
             ... on level 2 of the Dungeon.
             The game lasted 00:01:00 (1221 turns).

H0rd4k the Charlatan (Octopode Artificer)           Turns: 1221, Time: 00:01:00

Health: -3/29      AC:  1    Str: 11    XL:     4   Next: 24%
Magic:  4/4        EV: 13    Int: 15    God:
Gold:   93         SH:  0    Dex: 12    Spells: 3/3 levels left

rFire   . .          .
                       - Unarmed
rCold   . . .        (no shield)
rNeg    . . .        (helmet restricted)
rPois   .            (no amulet)
rElec   .            (no ring)
rCorr   .            (no ring)
SInv    .            (no ring)
Will    .....        (no ring)
Stlth   +++          (no ring)
HPRegen 0.24/turn    (no ring)
MPRegen 0.09/turn    (no ring)
                     (no ring)

%: no passive effects
@: no status effects
A: almost no armour, amphibious, 8 rings, camouflage 1, gelatinous body 1,
(nimble swimmer 1), tentacles
a: no special abilities


You were on level 2 of the Dungeon.
You visited 1 branch of the dungeon, and saw 2 of its levels.

You collected 93 gold pieces.

Inventory:

Missiles
 g - 4 poisoned darts
Wands
 b - a wand of flame (15) (quivered)
 c - a wand of charming (12)
 d - a wand of iceblast (4)
Scrolls
 a - a scroll of fog {unknown}
 e - 3 scrolls of identify {unknown}
 i - a scroll of butterflies {unknown}
Potions
 f - 2 potions of curing {unknown}
 h - a potion of enlightenment {unknown}


   Skills:
 + Level 1.9 Fighting
 - Level 2.3 Dodging
 - Level 1.3 Stealth
 + Level 3.2 Unarmed Combat
 - Level 3.2 Evocations


You had 3 spell levels left.
You didn't know any spells.
Your spell library was empty.

Dungeon Overview and Level Annotations

Branches:
Dungeon (2/15)

Altars:


Innate Abilities, Weirdness & Mutations

You cannot wear most types of armour.
You are amphibious.
You can wear up to eight rings at the same time.
Your skin changes colour to match your surroundings (Stealth+).
Your rubbery body absorbs attacks. (AC +1, EV +1)
((You are camouflaged when in or above water. (Stealth+)))
You have tentacles for arms and can constrict up to eight enemies at once.


Message History

What are your orders? t - Shout!
Orders for allies: a - Attack new target. p - Attack previous target. r - Retreat! s - Stop attacking. g - Guard the area. f - Follow me.
Anything else - Cancel.
Guard this area!
The gnoll barely misses you.
Your gnoll hits the gnoll with a +0 flail!
The gnoll dies!
Your Unarmed Combat skill increases to level 3!
You have reached level 4!
The kobold barely misses your gnoll.
Your gnoll hits the kobold with a +0 flail.
Aiming: Iceblast
Press: ? - help, Shift-Dir - straight line, f - gnoll, p - gnoll
Aim: a gnoll, wielding a +0 club The mass of ice explodes!
The iceblast engulfs the gnoll!
The gnoll is severely wounded.
The iceblast engulfs the kobold!
You kill the kobold!
The iceblast engulfs your gnoll.
Your gnoll is moderately wounded.
The gnoll is no longer charmed.
The gnoll shouts!
You tentacle-slap the gnoll.
You kill the gnoll!
The gnoll barely misses you.
You tentacle-slap the gnoll. Your grab misses the gnoll.
The gnoll is heavily wounded.
The gnoll hits you with a +0 flail!
You tentacle-slap the gnoll but do no damage.
Your grab misses the gnoll.
The gnoll is heavily wounded.
The gnoll hits you with a +0 flail!
* * * LOW HITPOINT WARNING * * *
Aiming: Charm
Press: ? - help, Shift-Dir - straight line, f - gnoll
Aim: a gnoll, wielding a +0 flail (chance to affect: 66%)
The gnoll struggles to resist.
The gnoll hits you with a +0 flail!
You die...

########### ##########
##....#....# #........#
#.....#....### #........#
+............# #.......)#
#.......#g##.###........#
.......).g@....#........#
..#.#.).#..............#
#...#.#...............#
#.....#...#............#
#.....#..#........###..###
#.....###...#.....#(#.....
..#...# #..#......###.####
. .#.# ###...........####
g..# .#..........>...


You could see 2 gnolls.

Vanquished Creatures
  An adder (D:2)
  A gnoll (D:2)
  2 dart slugs (D:1)
  9 ball pythons
  3 endoplasms (D:1)
  A giant cockroach (D:1)
  A goblin (D:1)
  6 hobgoblins (D:1)
  A quokka (D:1)
  4 bats (D:1)
  A frilled lizard (D:2)
  3 kobolds
  3 rats (D:1)
36 creatures vanquished.

Vanquished Creatures (collateral kills)
  A gnoll (D:2)
1 creature vanquished.

Grand Total: 37 creatures vanquished

Notes
Turn   | Place    | Note
-------+----------+-------------------------------------------
     0 | D:1      | H0rd4k the Octopode Artificer began the quest for the Orb.
     0 | D:1      | Reached XP level 1. HP: 13/13 MP: 1/1
    55 | D:1      | Reached skill level 1 in Unarmed Combat
    61 | D:1      | Reached XP level 2. HP: 12/18 MP: 2/2
   436 | D:1      | Reached XP level 3. HP: 19/23 MP: 3/3
  1216 | D:2      | Reached XP level 4. HP: 29/29 MP: 4/4
  1221 | D:2      | Slain by a gnoll

Illustrated notes

Levels and vault maps discovered:
D:1:      dpeg_arrival_water_temple_mockup, layout_basic,
          wad_floor_pattern_untrapped, minmay_door_square,
          minmay_shallow_snake_nest
D:2:      layout_basic, basic_altar, minmay_splitting_lines, item_on_display_a

Skill      XL: |  1  2  3 |
---------------+----------+-----
Unarmed Combat | 1 2 3 |  3.2
Fighting       | |  1.9
Dodging        | |  2.3
Stealth        | |  1.3
Evocations     | |  3.2

Action                     |  1- 3 |  4- 6 || total
---------------------------+-------+-------++-------
  Melee: Unarmed           |    92 |     3 ||    95
         Constrict         |    29 |       ||    29
         Tentacles         |    18 |       ||    18
         Punch             |     1 |       ||     1
  Evoke: Wand              |     2 |     2 ||     4
   Stab: Sleeping          |     5 |       ||     5
 Armour: Skin              |    45 |     3 ||    48
  Dodge: Dodged            |    62 |     1 ||    63
